Map: Catallena EC (Void)

Players

Magikagus

  • Race: Zerg Zerg
  • League: Master
  • Spawn Location: 5:00

zuka - Winner!

  • Race: Protoss Protoss
  • League: Master
  • Spawn Location: 12:00

VOD

Have the link to the VOD?

Description

Time

  • Played on: Aug. 23, 2017, 3:05 p.m.
  • Length: 12:30
Show
View Real Time Build Order
Export as new Build Order

Magikagus Zerg 

Build Orders: Hatch First 

Get SALT Encoding   

  12  0:01  Drone  
  13  0:13  Overlord  
  13  0:17  Drone  
  14  0:31  Drone x2  
  16  0:36  Drone  
  17  0:52  Hatchery  
  17  0:55  Drone  
  17  1:03  Drone  
  18  1:10  Extractor  
  17  1:17  Spawning Pool  
  16  1:22  Drone x2  
  18  1:29  Drone  
  19  1:41  Overlord  
  19  1:54  Drone  
  20  2:04  Queen x2  
  20  2:06  Zergling x2  
  20  2:07  Drone  
  26  2:16  Metabolic Boost  
  26  2:21  Zergling x4  
  28  2:29  Drone x2  
  30  2:35  Overlord  
  30  2:40  Queen  
  32  2:54  Overlord  
  32  2:55  Drone x3  
  35  3:01  Drone  
  36  3:15  Drone x3  
  36  3:17  Hatchery  
  38  3:20  Spore Crawler  
  38  3:30  Drone x5  
  43  3:36  Drone x2  
  45  3:46  Drone x2  
  47  3:49  Roach Warren  
  47  3:50  Extractor  
  47  3:52  Extractor, Lair  
  44  3:59  Overlord  
  44  4:01  Overlord  
  44  4:03  Drone x2  
  43  4:11  Drone x2  
  43  4:13  Drone  
  45  4:21  Spore Crawler x2  
  43  4:31  Drone  
  43  4:34  Drone x2  
  43  4:35  Drone  
  43  4:36  Drone  
  48  4:41  Drone x2  
  48  4:42  Drone  
  49  4:49  Drone x4  
  53  4:53  Evolution Chamber  
  53  4:57  Drone x2  
  53  4:58  Drone  
  55  5:05  Evolution Chamber  
  55  5:06  Spore Crawler  
  53  5:10  Drone x4  
  57  5:16  Overlord x2  
  57  5:23  Zerg Missile Weapons Level 1  
  57  5:28  Drone  
  58  5:34  Drone x8  
  66  5:40  Hydralisk Den  
  66  5:42  Zerg Ground Armor Level 1  
  65  5:44  Glial Reconstitution  
  65  5:55  Drone x2  
  67  6:00  Drone, Extractor  
  67  6:03  Drone x2  
  67  6:04  Drone  
  68  6:08  Overlord x2, Hatchery  
  68  6:10  Muscular Augments  
  66  6:14  Drone x3  
  66  6:16  Extractor, Hydralisk  
  66  6:17  Hydralisk  
  72  6:25  Overlord x2  
  72  6:27  Hydralisk x2  
  72  6:32  Hydralisk x2  
  78  6:38  Drone  
  78  6:39  Infestation Pit, Hydralisk  
  80  6:43  Hydralisk x2  
  80  6:45  Overlord  
  80  6:46  Overlord  
  86  6:48  Overlord  
  86  6:56  Hydralisk x2  
  86  6:57  Hydralisk  
  86  6:59  Overlord x2  
  92  7:02  Hydralisk  
  92  7:10  Spore Crawler  
  84  7:18  Hydralisk x3  
  84  7:19  Hydralisk x2  
  94  7:29  Drone  
  95  7:31  Drone x5  
  95  7:33  Drone  
  95  7:35  Drone  
  102  7:38  Spore Crawler  
  102  7:41  Hydralisk x2  
  105  7:45  Hydralisk  
  105  7:47  Hydralisk  
  109  7:52  Overlord x2  
  109  7:58  Overseer  
  109  8:00  Roach  
  109  8:01  Roach x3  
  109  8:04  Roach x2  
  121  8:07  Roach  
  121  8:08  Roach  
  121  8:12  Roach x2  
  129  8:15  Roach x2  
  133  8:21  Roach  
  133  8:22  Roach x3  
  141  8:28  Zerg Ground Armor Level 2  
  141  8:29  Drone  
  141  8:30  Drone  
  143  8:49  Roach  
  143  8:50  Roach x7  
  159  8:59  Lair  
  159  9:02  Spore Crawler  
  157  9:03  Spore Crawler  
  66  9:45  Extractor  
  66  9:47  Extractor  
  62  9:59  Hydralisk Den  
  61  10:00  Roach  
  61  10:01  Roach x18  
  99  10:30  Hydralisk x5  
  99  10:31  Hydralisk  
  99  10:32  Hatchery  
  99  10:33  Queen  
  99  10:34  Extractor, Queen x2  
  115  10:49  Drone x2  
  118  10:50  Drone x6  
  118  10:51  Drone, Overlord x2  
  118  10:52  Hatchery  
  118  10:55  Overseer  
  79  11:13  Roach  
  79  11:14  Roach x9  
  85  11:28  Hydralisk x2  
  77  11:35  Hydralisk  
  77  11:47  Hydralisk x5  
  77  11:48  Hydralisk  
  89  11:56  Roach x2  
  93  12:05  Roach x5  
Show
View Real Time Build Order
Export as new Build Order

zuka Protoss - Winner!

Build Orders: 1 Gate Expand, Oracle Opening 

Get SALT Encoding   

  12  0:01  Probe (Chrono Boost)  
  13  0:11  Probe (Chrono Boost)  
  14  0:19  Pylon  
  14  0:22  Probe (Chrono Boost)  
  15  0:37  Probe (Chrono Boost)  
  16  0:43  Gateway  
  16  0:48  Probe (Chrono Boost)  
  16  0:49  Assimilator  
  17  0:58  Probe (Chrono Boost)  
  18  1:09  Probe (Chrono Boost)  
  19  1:19  Probe (Chrono Boost)  
  20  1:29  Nexus  
  20  1:38  Cybernetics Core  
  20  1:42  Probe (Chrono Boost)  
  21  1:50  Assimilator  
  21  1:52  Probe (Chrono Boost)  
  22  1:58  Pylon  
  22  2:03  Probe (Chrono Boost)  
  23  2:16  Probe (Chrono Boost), Adept (Chrono Boost)  
  26  2:22  Stargate  
  26  2:27  Probe  
  27  2:39  Probe  
  27  2:41  Warp Gate, Adept (Chrono Boost)  
  27  2:42  Probe  
  31  2:51  Probe  
  32  2:52  Probe  
  33  3:03  Probe x2  
  35  3:06  Gateway  
  35  3:11  Oracle (Chrono Boost)  
  38  3:23  Probe  
  38  3:24  Probe  
  38  3:27  Stalker  
  40  3:31  Pylon  
  40  3:34  Probe  
  40  3:37  Probe  
  42  3:42  Oracle (Chrono Boost)  
  42  3:44  Probe  
  46  3:52  Pylon  
  46  3:57  Pylon  
  46  4:09  Probe  
  46  4:11  Probe  
  48  4:19  Probe  
  48  4:20  Phoenix (Chrono Boost)  
  48  4:23  Assimilator, Probe  
  52  4:26  Assimilator  
  52  4:28  Pylon  
  52  4:30  Probe  
  52  4:34  Stargate  
  52  4:35  Probe  
  54  4:40  Nexus  
  54  4:44  Probe  
  54  4:47  Probe, Pylon  
  54  4:48  Pylon  
  54  4:50  Pylon  
  56  4:55  Forge, Probe  
  56  4:59  Probe  
  58  5:05  Probe  
  58  5:11  Probe  
  58  5:12  Oracle (Chrono Boost)  
  63  5:16  Probe  
  64  5:23  Probe  
  64  5:25  Gateway  
  64  5:26  Probe  
  64  5:28  Assimilator  
  66  5:31  Assimilator  
  66  5:34  Pylon  
  67  5:35  Probe  
  67  5:37  Oracle (Chrono Boost)  
  67  5:38  Probe  
  67  5:42  Protoss Air Weapons Level 1  
  71  5:47  Probe  
  71  5:48  Oracle (Chrono Boost)  
  75  5:50  Probe  
  75  5:55  Probe  
  77  5:58  Stargate  
  77  5:59  Probe  
  77  6:00  Pylon  
  77  6:03  Probe  
  79  6:04  Photon Cannon  
  79  6:07  Probe  
  80  6:11  Oracle (Chrono Boost)  
  80  6:12  Probe  
  80  6:18  Probe  
  84  6:19  Probe  
  84  6:24  Probe  
  87  6:28  Probe  
  87  6:31  Probe  
  87  6:32  Photon Cannon  
  89  6:36  Probe, Oracle (Chrono Boost)  
  89  6:39  Probe  
  93  6:42  Oracle (Chrono Boost)  
  93  6:43  Probe  
  101  6:50  Oracle (Chrono Boost)  
  101  6:56  Probe x2  
  103  7:07  Oracle (Chrono Boost)  
  103  7:17  Oracle (Chrono Boost)  
  109  7:24  Gateway  
  109  7:25  Gateway  
  109  7:26  Oracle (Chrono Boost)  
  109  7:30  Gateway  
  109  7:33  Gateway, Photon Cannon  
  109  7:34  Twilight Council, Photon Cannon  
  109  7:36  Pylon  
  109  7:37  Photon Cannon  
  109  7:38  Oracle (Chrono Boost)  
  109  7:39  Photon Cannon  
  109  7:40  Zealot x2, Photon Cannon  
  116  7:49  Pylon  
  116  7:51  Pylon  
  116  7:53  Pylon  
  116  7:54  Oracle (Chrono Boost)  
  119  8:00  Photon Cannon  
  119  8:02  Pylon, Photon Cannon  
  119  8:04  Pylon  
  119  8:05  Oracle (Chrono Boost)  
  122  8:07  Oracle (Chrono Boost)  
  122  8:12  Charge (Chrono Boost)  
  125  8:15  Zealot x2  
  125  8:16  Zealot  
  131  8:26  Oracle  
  134  8:37  Oracle  
  134  8:39  Oracle  
  137  8:44  Zealot x5  
  137  8:46  Protoss Ground Weapons Level 1  
  150  9:02  Oracle  
  153  9:05  Zealot x4  
  153  9:06  Zealot  
  153  9:09  Pylon  
  163  9:11  Pylon  
  163  9:14  Pylon  
  163  9:22  Oracle  
  152  9:27  Oracle  
  152  9:29  Zealot x4  
  152  9:30  Zealot  
  145  9:38  Oracle  
  142  9:53  Oracle  
  142  9:55  Pylon  
  142  9:57  Pylon  
  145  10:01  Gateway  
  145  10:03  Fleet Beacon, Oracle  
  145  10:06  Photon Cannon  
  148  10:13  Oracle  
  151  10:22  Zealot  
  151  10:23  Zealot x4  
  151  10:25  Zealot, Nexus  
  163  10:28  Pylon  
  166  10:38  Pylon  
  166  10:41  Assimilator  
  166  10:43  Carrier  
  166  10:44  Zealot x5  
  166  10:45  Assimilator, Zealot x2  
  183  11:02  Carrier  
  157  11:34  Stalker x2  
  157  11:48  Photon Cannon  
  157  11:50  Photon Cannon  
  155  12:00  Robotics Facility  
  155  12:05  Zealot  
  155  12:06  Zealot x2  
Tags
 
Add a new tag
Caveats
  • Supply blocks, unpowered buildings, or Contaminate may cause inaccurate times.
  • Supply counts are checked every 10 seconds.